 Dungeon Crawl Stone Soup version 0.29.1-2-gbd0b4ee654 (webtiles) character file.

Game seed: 4116531525741460170

21 xian the Ducker (level 2, 0/16 HPs)
             Began as a Tengu Arcane Marksman on Nov 2, 2022.
             Slain by a jackal (2 damage)
             ... on level 1 of the Dungeon.
             The game lasted 00:00:56 (487 turns).

xian the Ducker (Tengu Arcane Marksman)              Turns: 487, Time: 00:00:57

Health: 0/16       AC:  2    Str: 10    XL:     2   Next: 83%
Magic:  4/4        EV: 12    Int: 13    God:
Gold:   0          SH:  0    Dex: 14    Spells: 2/3 levels left

rFire   . . .      SeeInvis .   f - +1 dagger (freeze)
rCold   . . .      Faith    .   (no shield)
rNeg    . . .      Spirit   .   c - +0 robe
rPois   .          Reflect  .   (helmet restricted)
rElec   .          Harm     .   (no cloak)
rCorr   .          Rampage  .   (no gloves)
Will    .....                   (boots unavailable)
Stlth   +.........              (no amulet)
HPRegen 0.05/turn               (no ring)
MPRegen 0.09/turn               (no ring)

@: no status effects
A: beak, talons 3
a: no special abilities


You were on level 1 of the Dungeon.
You visited 1 branch of the dungeon, and saw 1 of its levels.

Inventory:

Hand Weapons
 a - a +1 sling
 f - a +1 dagger of freezing (weapon)
Armour
 c - a +0 robe (worn)
Scrolls
 b - a scroll of poison
 e - a scroll of brand weapon {unknown}
Potions
 d - 2 potions of invisibility {unknown}
 g - a potion of curing {unknown}
 h - a potion of haste {unknown}


   Skills:
 + Level 1.2 Fighting
 + Level 2.6 Ranged Weapons
 + Level 2.7 Dodging
 + Level 1.0 Spellcasting
 + Level 2.4 Hexes


You had 2 spell levels left.
You knew the following spells:

 Your Spells              Type           Power      Damage    Failure   Level
a - Slow                  Hex            28%        N/A       11%         1

Your spell library contained the following spells:

 Spells                   Type           Power      Damage    Failure   Level
 Inner Flame              Hex/Fire       3%         N/A       45%         3
 Portal Projectile        Hex/Tloc       6%         N/A       45%         3
 Cause Fear               Hex            3%         N/A       71%         4


Dungeon Overview and Level Annotations

Branches:
Dungeon (1/15)

Altars:


Innate Abilities, Weirdness & Mutations

You have a beak for a mouth.
You have claws for feet.


Message History

You are too injured to fight recklessly!
You are too injured to fight recklessly!
You are too injured to fight recklessly!
You are too injured to fight recklessly!
You are too injured to fight recklessly!
Your +1 dagger of freezing glows with a cold blue light!
f - a +1 dagger of freezing (weapon)
The jackal bites you but does no damage.
You hit the jackal. You freeze the jackal.
You kill the jackal!
The rat closely misses you.
Unknown command.
You closely miss the jackal. You claw the jackal.
The jackal is lightly wounded.
The rat bites you. The jackal bites you.
* * * LOW HITPOINT WARNING * * *
The jackal closely misses you. The rat bites you but does no damage.
The jackal bites you.
* * * LOW HITPOINT WARNING * * *
You see here a jackal corpse.
The jackal attacks as you move away! The jackal closely misses you. x2
The rat closely misses you.
The jackal bites you but does no damage.
The rat completely misses you.
You hit the jackal but do no damage. You claw the jackal.
Your peck misses the jackal.
The jackal is severely wounded.
The rat closely misses you. The jackal closely misses you.
Unknown command.
You hit the jackal. You freeze the jackal.
You kill the jackal!
The jackal bites you.
* * * LOW HITPOINT WARNING * * *
The rat barely misses you.
Unknown command.
You closely miss the jackal. Your peck misses the jackal.
The jackal barely misses you. The rat bites you but does no damage.
The jackal bites you.
You die...

...##.###.# ..##
###....##.# ....
#....##.# ...
#.....#.# ..#
#...#.#.####+†#
#...#.#.÷.....+
#...#.##÷##...#
#...#....##.†r##
#...###.####.r@#
##### #.#
#.h........ .>#
##.....#### ####
#######


You could see a jackal and 2 rats.

Vanquished Creatures
  A dart slug (D:1)
  A goblin (D:1)
  9 jackals (D:1)
  A quokka (D:1)
  2 kobolds (D:1)
  2 rats (D:1)
16 creatures vanquished.

Notes
Turn   | Place    | Note
-------+----------+-------------------------------------------
     0 | D:1      | xian the Tengu Arcane Marksman began the quest for the Orb.
     0 | D:1      | Reached XP level 1. HP: 12/12 MP: 3/3
   174 | D:1      | Reached XP level 2. HP: 14/16 MP: 4/4
   487 | D:1      | Slain by a jackal

Illustrated notes

Levels and vault maps discovered:
D:1:      dpeg_arrival_shrine, layout_basic, minmay_box_of_dots

Action                   || total
-------------------------++-------
Melee: Dagger            ||    10
       Kick              ||     3
 Fire: Sling             ||    37
 Cast: Slow              ||     3
Armor: Robe              ||    14
Dodge: Dodged            ||    35
